Map: Neon Violet Square LE

Players

KelevrA

  • Race: Zerg Zerg
  • League: Diamond
  • Spawn Location: 11:00

Dessa - Winner!

  • Race: Zerg Zerg
  • League: Diamond
  • Spawn Location: 5:00

VOD

Have the link to the VOD?

Description

Time

  • Played on: Jan. 4, 2018, 2:11 p.m.
  • Length: 16:16
Show
View Real Time Build Order
Export as new Build Order

KelevrA Zerg 

Build Orders: Pool First 

Get SALT Encoding   

  12  0:09  Drone  
  12  0:10  Drone  
  14  0:27  Spawning Pool  
  13  0:30  Drone  
  14  0:36  Drone, Extractor  
  14  0:56  Overlord  
  14  1:14  Zergling x6  
  14  1:15  Queen  
  19  1:25  Zergling x2  
  20  1:38  Metabolic Boost  
  20  1:40  Zergling x2  
  21  1:56  Zergling x2  
  21  1:57  Overlord  
  22  2:18  Zergling x2  
  23  2:28  Zergling x6  
  23  2:29  Zergling x2  
  27  2:43  Hatchery  
  26  2:51  Zergling x4  
  26  3:02  Zergling x2  
  23  3:16  Drone  
  24  3:25  Drone  
  25  3:42  Drone x2, Hatchery  
  26  3:51  Drone x3  
  26  3:55  Roach Warren  
  27  4:14  Drone x4  
  31  4:27  Zergling x4  
  31  4:28  Zergling x4  
  35  4:32  Overlord  
  35  4:42  Overlord x2  
  34  4:53  Roach x2  
  34  4:54  Roach x2  
  34  4:59  Queen  
  44  5:07  Spine Crawler  
  43  5:09  Drone  
  43  5:12  Drone  
  45  5:19  Roach  
  45  5:20  Roach  
  49  5:25  Drone  
  50  5:36  Spine Crawler  
  50  5:37  Drone  
  50  5:38  Drone x2  
  52  5:49  Roach  
  58  5:50  Roach x2  
  57  5:58  Overlord  
  57  6:00  Drone x2  
  57  6:03  Roach  
  61  6:17  Roach x3  
  61  6:18  Roach  
  58  6:44  Roach x3  
  58  6:51  Drone x4  
  58  6:52  Drone x5  
  67  7:09  Overlord x2  
  67  7:10  Zergling x2  
  67  7:11  Zergling x10  
  73  7:17  Drone  
  74  7:27  Overlord  
  74  7:39  Overlord x2  
  74  7:42  Queen  
  76  7:49  Roach  
  76  7:50  Roach x7  
  92  7:55  Overlord x4  
  92  7:58  Extractor  
  91  8:09  Zergling x8  
  95  8:15  Zergling x2  
  95  8:16  Zergling x8  
  100  8:33  Roach  
  100  8:34  Roach x3  
  107  8:50  Baneling Nest  
  107  8:52  Drone x2  
  108  8:57  Extractor  
  108  8:58  Extractor  
  108  8:59  Drone  
  108  9:00  Drone x3, Queen  
  112  9:09  Extractor x2  
  110  9:12  Lair  
  110  9:16  Roach  
  112  9:17  Zergling x16, Hatchery  
  112  9:18  Zergling x2  
  120  9:27  Evolution Chamber  
  120  9:30  Evolution Chamber  
  104  9:55  Roach x6  
  104  9:56  Roach x3  
  104  10:08  Roach x3  
  78  10:30  Roach x4  
  78  10:31  Roach  
  88  10:36  Glial Reconstitution  
  88  10:58  Drone x8  
  88  10:59  Drone x3  
  99  11:16  Roach x4  
  99  11:17  Roach x3  
  113  11:22  Overlord  
  113  11:30  Hydralisk Den  
  112  11:49  Roach  
  112  11:50  Roach x7  
  112  11:51  Roach  
  112  11:53  Hatchery  
  125  12:02  Hydralisk  
  125  12:03  Hydralisk  
  125  12:04  Overlord  
  124  12:18  Hydralisk x3  
  86  13:08  Roach  
  86  13:09  Roach x16  
  86  13:10  Roach x3  
  98  13:23  Overlord x3  
  83  13:36  Roach x4  
  83  13:37  Roach  
  79  14:00  Muscular Augments  
  79  14:11  Hydralisk  
  79  14:13  Hydralisk x3  
  79  14:14  Hydralisk  
  89  14:22  Hydralisk  
  89  14:23  Hydralisk  
  93  14:32  Hydralisk x2  
  97  14:43  Hydralisk x2  
  97  14:44  Hydralisk  
  51  15:46  Drone x2  
  51  15:47  Drone  
Show
View Real Time Build Order
Export as new Build Order

Dessa Zerg - Winner!

Build Orders: Pool First 

Get SALT Encoding   

  12  0:02  Drone  
  13  0:13  Overlord  
  13  0:18  Drone  
  14  0:32  Drone x2  
  16  0:36  Drone  
  16  0:39  Extractor  
  16  0:46  Drone  
  17  0:54  Spawning Pool  
  17  0:57  Drone  
  17  1:21  Hatchery  
  17  1:24  Drone  
  17  1:28  Drone  
  18  1:36  Overlord  
  18  1:40  Drone  
  19  1:51  Queen  
  21  1:57  Metabolic Boost  
  21  2:01  Zergling x2  
  21  2:05  Zergling x2  
  23  2:13  Zergling x2  
  24  2:24  Spine Crawler  
  22  2:41  Zergling x6  
  25  2:50  Zergling x4  
  25  3:07  Hatchery  
  25  3:11  Queen  
  25  3:20  Drone x3  
  25  3:25  Baneling Nest  
  26  3:46  Zergling x4  
  27  4:03  Zergling x4  
  29  4:13  Baneling x2  
  29  4:19  Queen  
  29  4:23  Drone x2  
  33  4:34  Drone  
  33  4:35  Drone x2  
  33  4:37  Overlord  
  35  4:41  Baneling x2  
  35  4:56  Drone x2  
  35  4:58  Overlord  
  37  5:00  Drone  
  37  5:01  Drone  
  37  5:05  Roach Warren  
  38  5:08  Drone  
  38  5:13  Drone  
  40  5:14  Drone  
  40  5:15  Drone  
  40  5:17  Drone, Hatchery  
  40  5:19  Drone  
  43  5:28  Lair  
  43  5:31  Drone  
  43  5:35  Overlord  
  44  5:38  Overlord  
  44  5:40  Drone  
  45  5:44  Drone  
  46  5:50  Drone  
  46  5:51  Drone  
  46  5:54  Drone x2, Extractor x2  
  48  6:06  Roach  
  48  6:07  Roach  
  52  6:11  Drone  
  52  6:12  Drone, Evolution Chamber x2  
  52  6:22  Drone x4  
  52  6:23  Overlord  
  56  6:26  Glial Reconstitution  
  51  6:40  Roach x3  
  51  6:42  Zergling x12  
  62  6:50  Drone x2  
  62  6:51  Drone  
  62  6:52  Overlord  
  65  6:59  Roach x2  
  68  7:11  Drone x2  
  70  7:18  Zerg Ground Armor Level 1, Zerg Missile Weapons Level 1  
  70  7:20  Queen  
  72  7:26  Ravager  
  72  7:27  Ravager  
  72  7:28  Ravager  
  72  7:29  Drone x2  
  78  7:30  Drone  
  78  7:33  Extractor  
  77  7:37  Roach  
  77  7:38  Roach x5  
  77  7:41  Overlord x2  
  89  7:44  Baneling x2  
  89  7:45  Baneling x2  
  89  7:47  Baneling  
  89  7:52  Extractor x2  
  89  7:53  Drone x2  
  89  8:17  Overlord x2  
  89  8:33  Pneumatized Carapace  
  89  8:34  Roach  
  89  8:35  Roach x9  
  109  8:42  Ravager x2  
  109  8:43  Ravager  
  109  8:45  Zergling x6  
  109  8:47  Drone x3  
  118  8:48  Drone x2  
  118  8:49  Drone  
  121  9:18  Overlord x2  
  121  9:24  Hatchery  
  119  9:49  Roach x2  
  119  9:50  Roach x3  
  119  9:51  Roach  
  122  10:14  Zerg Ground Armor Level 2, Zerg Missile Weapons Level 2  
  108  10:16  Roach x4  
  108  10:17  Roach x2  
  119  10:35  Drone x2  
  119  10:37  Hydralisk Den, Overlord x2  
  119  10:41  Queen  
  121  11:06  Drone x3  
  121  11:07  Drone  
  121  11:08  Drone x3  
  121  11:09  Drone x4  
  121  11:10  Drone  
  133  11:11  Overlord x2  
  133  11:12  Extractor  
  133  11:13  Drone x3, Extractor  
  133  11:14  Drone x2  
  136  11:21  Drone  
  136  11:23  Ravager x4  
  141  11:27  Hydralisk x4, Muscular Augments  
  149  11:37  Roach x5, Hydralisk x2  
  163  11:45  Drone x2, Hydralisk  
  161  12:15  Queen  
  129  13:05  Hydralisk  
  129  13:06  Roach x3, Hydralisk x4  
  129  13:07  Roach x5  
  129  13:08  Roach x8  
  129  13:09  Roach x2  
  126  13:58  Ravager x6, Extractor  
  126  13:59  Ravager x2  
  126  14:00  Roach x3, Hydralisk x5  
  126  14:01  Roach x3, Hydralisk x4  
  126  14:02  Extractor, Roach x3, Hatchery  
  167  14:24  Infestation Pit  
  166  14:31  Drone x3  
  167  15:11  Spine Crawler  
  167  15:12  Spine Crawler  
  167  15:13  Spine Crawler  
  157  15:14  Spine Crawler  
  157  15:15  Spine Crawler  
  157  15:16  Spine Crawler x5  
  157  15:19  Spine Crawler  
  140  15:33  Queen  
  140  15:34  Spine Crawler  
  140  15:35  Spine Crawler x2  
  129  15:57  Spine Crawler  
  129  15:59  Spine Crawler  
  129  16:00  Spine Crawler  
  129  16:02  Spine Crawler  
  129  16:03  Spine Crawler x2  
Tags
 
Add a new tag
Caveats
  • Supply blocks, unpowered buildings, or Contaminate may cause inaccurate times.
  • Supply counts are checked every 10 seconds.